Canadiens vs Bruins

Created - December-16-14 at 17:25

Goals
1 2 3 OT1 SO T
Canadiens 0 2 0 0 0 2
Bruins 1 0 1 0 1 3
Shots
1 2 3 OT1 SO T
Canadiens 7 15 8 5 3 35
Bruins 7 14 10 1 3 32

1st period

1. Bruins , Ryan Strome 7 (John Carlson, Carl Soderberg) at 13:53

Penalties :
Zach Parise (BOS) for High sticking (Minor) at 2:54, Johnny Boychuk (BOS) for Interference (Minor) at 4:02, Jordan Eberle (MTL) for Interference (Minor) at 8:39

2nd period

2. Canadiens , Jordan Eberle 14 (Cam Fowler, Paul Stastny) at 1:48
3. Canadiens , Saku Koivu 8 (Alexander Edler, Steve Oleksy) at 15:16

Penalties :
David Krejci (BOS) for Hooking (Minor) at 1:30, Steve Oleksy (MTL) for Hooking (Minor) at 1:30, Andrew Ladd (BOS) for Goalie Interference (Minor) at 7:08, Brenden Morrow (MTL) for Interference (Minor) at 13:00

3rd period

4. Bruins , Johnny Boychuk 4 (John Carlson, Tuukka Rask) at 11:42

Penalties :
Niklas Kronwall (BOS) for Hooking (Minor) at 0:06, David Krejci (BOS) for High sticking (Minor) at 2:45, Radko Gudas (MTL) for Tripping (Minor) at 2:45, Radko Gudas (MTL) for Hooking (Minor) at 5:01, Dan Girardi (MTL) for High sticking (Minor) at 17:05

Overtime #1

No Goal

Penalties :
No Penalty

Shootout

Penalty Shot by Alexander Steen for Canadiens - Stopped by Tuukka Rask
Penalty Shot by Andrew Ladd for Bruins - Shot Misses the Net
Penalty Shot by Chris Kunitz for Canadiens - Stopped by Tuukka Rask
Penalty Shot by Zach Parise for Bruins - Stopped by Jonathan Bernier
Penalty Shot by Jordan Eberle for Canadiens - Stopped by Tuukka Rask
Penalty Shot by Patrice Bergeron for Bruins - Goal!

Penalties :
No Penalty

Goalie Stats

Jonathan Bernier (MTL), 30 saves from 32 shots - (0.938), OTL, 8-10-3, 65:00 minutes
Tuukka Rask (BOS), 33 saves from 35 shots - (0.943), W, 18-7-2, 65:00 minutes

Players Stats for Canadiens

Player Name              G  A  P  +/- PIM S  H  SB GA TA FO     MP     PP MP  PK MP  
------------------------------------------------------------------------------------
Alexander Edler          0  1  1   2  0   1  3  1  0  0  0/0    22:57   3:53   2:04 
Alexander Killorn        0  0  0   0  0   0  2  0  0  0  1/1     8:57   0:00   0:08 
Alexander Steen          0  0  0   0  0   5  1  0  0  0  1/1    22:15   3:29   0:20 
Brenden Morrow           0  0  0   0  2   0  1  0  0  0  1/1     4:20   0:00   0:00 
Cam Fowler               0  1  1   1  0   2  1  1  0  0  0/0    29:17   3:12   4:40 
Chris Kunitz             0  0  0  -1  0   1  3  0  0  0  0/1    18:24   3:36   0:51 
Dan Girardi              0  0  0   0  2   1  5  2  0  0  0/0    27:34   3:53   2:52 
Jason Demers             0  0  0  -2  0   1  0  0  0  0  0/0    19:33   3:12   3:35 
Jonathan Toews           0  0  0  -1  0   6  0  1  0  0  21/34  26:41   3:36   4:36 
Jordan Eberle            1  0  1   1  2   4  0  1  0  0  0/3    23:36   3:29   1:48 
Manny Malhotra           0  0  0   0  0   0  0  0  0  0  3/6     4:21   0:00   0:00 
Martin Erat              0  0  0   0  0   1  1  0  0  0  0/0     9:18   0:00   4:57 
Mason Raymond            0  0  0   0  0   2  1  0  0  0  0/0     8:49   0:00   0:00 
Paul Stastny             0  1  1   1  0   5  3  0  0  0  15/34  25:01   3:29   3:12 
Radim Vrbata             0  0  0  -1  0   2  0  1  0  0  1/3    17:33   3:36   0:00 
Radko Gudas              0  0  0  -2  4   1  1  1  0  0  0/0    14:48   0:00   2:41 
Saku Koivu               1  0  1   0  0   3  0  0  0  0  7/11    8:49   0:00   0:00 
Steve Oleksy             0  1  1   1  2   0  0  1  0  0  0/0    15:47   0:00   0:00 

Players Stats for Bruins

Player Name              G  A  P  +/- PIM S  H  SB GA TA FO     MP     PP MP  PK MP  
------------------------------------------------------------------------------------
Andrew Ladd              0  0  0   0  2   4  5  0  0  0  0/0    19:26   3:53   2:16 
Brad Marchand            0  0  0   0  0   2  2  0  0  0  1/1    13:05   0:00   0:00 
Brock Nelson             0  0  0   0  0   0  0  0  0  0  0/0     5:57   0:00   0:45 
Carl Hagelin             0  0  0   0  0   0  0  0  0  0  0/1     9:02   0:00   3:50 
Carl Soderberg           0  1  1   1  0   1  0  0  0  0  5/11   16:25   3:53   2:24 
David Krejci             0  0  0   0  4   3  3  0  0  0  13/29  19:17   4:03   0:02 
Dougie Hamilton          0  0  0  -1  0   1  2  2  0  0  0/0    24:37   0:00   3:06 
Jakub Voracek            0  0  0   0  0   1  0  0  0  0  1/1    19:17   4:03   0:00 
Jay Bouwmeester          0  0  0  -1  0   1  1  4  0  0  0/0    22:50   3:47   4:05 
John Carlson             0  2  2   2  0   2  0  4  0  0  0/0    24:28   4:09   3:59 
Johnny Boychuk           1  0  1   1  2   1  5  0  0  0  0/0    24:37   3:47   2:32 
Niklas Kronwall          0  0  0  -1  2   1  2  0  0  0  0/0    19:07   0:00   0:27 
Patrice Bergeron         0  0  0   0  0   2  0  0  0  0  21/38  22:10   3:53   4:02 
Reilly Smith             0  0  0   0  0   1  0  0  0  0  0/0    13:18   0:00   0:00 
Ryan Spooner             0  0  0   0  0   1  0  0  0  0  1/4     5:12   0:00   0:00 
Ryan Strome              1  0  1   1  0   3  0  0  0  0  0/1    10:08   0:00   0:00 
Torey Krug               0  0  0   0  0   0  1  0  0  0  0/0    14:19   4:09   0:00 
Zach Parise              0  0  0  -1  2   8  3  0  0  0  3/9    24:45   4:03   0:00 

3 Stars

1 - John Carlson (BOS)
2 - Johnny Boychuk (BOS)
3 - Alexander Edler (MTL)

Power Play

Canadiens - 0 on 4 Attempt(s) - 0.00%
Bruins - 0 on 4 Attempt(s) - 0.00%

Penalty Kill

Canadiens - 4 on 4 Attempt(s) - 100.00% - Score 0 goal in Penalty Kill
Bruins - 4 on 4 Attempt(s) - 100.00% - Score 0 goal in Penalty Kill

Team Stat

Canadiens - Hits : 22 - Faceoff Wins : 50 - Blocked Shots : 9 - Penalty Minutes : 12
Bruins - Hits : 24 - Faceoff Wins : 45 - Blocked Shots : 10 - Penalty Minutes : 12

Official

Referees : Mike Hasenfratz and Gord Dwyer
Linesman : Jay Sharrers and Brian Mach

Game Notes

No Game Note

Finance

Level 1 -- Attendance: 4676 (71.94%) -- Ticket Income $514,360
Level 2 -- Attendance: 4951 (99.02%) -- Ticket Income $371,325
Level 3 -- Attendance: 3387 (96.77%) -- Ticket Income $189,672
Level 4 -- Attendance: 1565 (100.00%) -- Ticket Income $62,600
Luxury Box -- Attendance: 985 (98.50%) -- Ticket Income $196,015
Game was played at the TD Garden'
Total Attendance: 15564 (88.61%)
Total Ticket Income: $1,333,972
Other Income: $200,096
Total Income: $1,534,068

% Time on Ice - Canadiens

Lines # - Real PCT - Wanted PCT - Time Play
Normal Forward
1 - 34% - 35% - 13:57
2 - 34% - 35% - 13:54
3 - 21% - 18% - 8:49
4 - 11% - 12% - 4:21
Normal Defense
1 - 30% - 28% - 12:09
2 - 30% - 27% - 12:27
3 - 20% - 23% - 8:10
4 - 20% - 22% - 8:15
PP Forward
1 - 51% - 50% - 3:36
2 - 49% - 50% - 3:29
PP Defense
1 - 45% - 50% - 3:12
2 - 55% - 50% - 3:53
PK Forward
1 - 69% - 60% - 5:27
2 - 31% - 40% - 2:29
PK Defense
1 - 55% - 60% - 4:21
2 - 45% - 40% - 3:35
PK3 Forward
1 - 0% - 60%
2 - 0% - 40%
PK3 Defense
1 - 0% - 60%
2 - 0% - 40%
44 Forward
1 - 51% - 50% - 4:32
2 - 49% - 50% - 4:26
44 Defense
1 - 56% - 50% - 5:02
2 - 44% - 50% - 3:56
Last Minute Offensive  - 0:00
Last Minute Defensive  - 0:00
Total
Forward - 65:00
Defense - 65:00

% Time on Ice - Bruins

Lines # - Real PCT - Wanted PCT - Time Play
Normal Forward
1 - 37% - 40% - 15:14
2 - 32% - 30% - 13:18
3 - 18% - 20% - 7:17
4 - 13% - 10% - 5:12
Normal Defense
1 - 42% - 40% - 17:21
2 - 30% - 30% - 12:10
3 - 25% - 20% - 10:10
4 - 3% - 10% - 1:20
PP Forward
1 - 51% - 60% - 4:03
2 - 49% - 40% - 3:53
PP Defense
1 - 52% - 60% - 4:09
2 - 48% - 40% - 3:47
PK Forward
1 - 61% - 60% - 3:50
2 - 39% - 40% - 2:24
PK Defense
1 - 51% - 60% - 3:10
2 - 49% - 40% - 3:04
PK3 Forward
1 - 96% - 60% - 0:49
2 - 4% - 40% - 0:02
PK3 Defense
1 - 96% - 60% - 0:49
2 - 4% - 40% - 0:02
44 Forward
1 - 68% - 60% - 6:07
2 - 32% - 40% - 2:51
44 Defense
1 - 54% - 60% - 4:48
2 - 46% - 40% - 4:10
Last Minute Offensive  - 0:00
Last Minute Defensive  - 0:00
Total
Forward - 65:00
Defense - 65:00

Play by Play

1st period


0:01 of 1st period - Jonathan Toews wins face-off versus David Krejci in neutral zone.
0:08 of 1st period - Shot by Radim Vrbata.
0:08 of 1st period - Stopped by Tuukka Rask with a rebound.
0:58 of 1st period - Reilly Smith is hit by Chris Kunitz and loses puck.
1:14 of 1st period - Patrice Bergeron is hit by Alexander Edler and loses puck.
1:39 of 1st period - Shot by Paul Stastny.
1:39 of 1st period - Shot Misses the Net.
1:41 of 1st period - Shot by Jordan Eberle.
1:41 of 1st period - Shot Misses the Net.
1:43 of 1st period - Shot by Paul Stastny.
1:43 of 1st period - Shot Misses the Net.
1:45 of 1st period - Shot by Paul Stastny.
1:45 of 1st period - Stopped by Tuukka Rask without a rebound.
1:46 of 1st period - Carl Soderberg wins face-off versus Saku Koivu in Bruins zone.
1:46 of 1st period - Carl Soderberg is hit by Mason Raymond.
2:19 of 1st period - Shot by Ryan Strome.
2:19 of 1st period - Stopped by Jonathan Bernier with a rebound.
2:21 of 1st period - Shot by Torey Krug.
2:21 of 1st period - Shot Blocked by Dan Girardi.
2:29 of 1st period - Shot by Ryan Strome.
2:29 of 1st period - Stopped by Jonathan Bernier without a rebound.
2:30 of 1st period - Manny Malhotra wins face-off versus Ryan Spooner in Canadiens zone.
2:40 of 1st period - Carl Hagelin is hit by Martin Erat and loses puck.
2:51 of 1st period - Shot by Ryan Spooner.
2:51 of 1st period - Stopped by Jonathan Bernier without a rebound.
2:52 of 1st period - Paul Stastny wins face-off versus David Krejci in Canadiens zone.
2:54 of 1st period - Minor Penalty to Zach Parise for High sticking.
2:55 of 1st period - Patrice Bergeron wins face-off versus Jonathan Toews in Bruins zone.
3:11 of 1st period - Shot by Jonathan Toews.
3:11 of 1st period - Stopped by Tuukka Rask without a rebound.
3:12 of 1st period - Paul Stastny wins face-off versus Patrice Bergeron in Bruins zone.
3:17 of 1st period - Shot by Alexander Steen.
3:17 of 1st period - Deflect By Jordan Eberle.
3:17 of 1st period - Shot Misses the Net.
3:19 of 1st period - Shot by Alexander Edler.
3:19 of 1st period - Stopped by Tuukka Rask without a rebound.
3:20 of 1st period - Paul Stastny wins face-off versus Patrice Bergeron in Bruins zone.
3:55 of 1st period - Shot by Alexander Steen.
3:55 of 1st period - Shot Blocked by Dougie Hamilton.
4:02 of 1st period - Minor Penalty to Johnny Boychuk for Interference.
4:03 of 1st period - Patrice Bergeron wins face-off versus Jonathan Toews in Bruins zone.
4:08 of 1st period - Shot by Jonathan Toews.
4:08 of 1st period - Shot Misses the Net.
4:10 of 1st period - Shot by Cam Fowler.
4:10 of 1st period - Shot Misses the Net.
4:12 of 1st period - Shot by Jason Demers.
4:12 of 1st period - Stopped by Tuukka Rask with a rebound.
4:23 of 1st period - Icing by Jason Demers.
4:24 of 1st period - Patrice Bergeron wins face-off versus Jonathan Toews in Canadiens zone.
6:03 of 1st period - Icing by Jonathan Toews.
6:04 of 1st period - Jakub Voracek wins face-off versus Manny Malhotra in Canadiens zone.
6:47 of 1st period - Shot by Zach Parise.
6:47 of 1st period - Deflect By David Krejci.
6:47 of 1st period - Stopped by Jonathan Bernier without a rebound.
6:48 of 1st period - Patrice Bergeron wins face-off versus Jonathan Toews in Canadiens zone.
6:53 of 1st period - Shot by Patrice Bergeron.
6:53 of 1st period - Shot Blocked by Jonathan Toews.
7:24 of 1st period - Icing by Radim Vrbata.
7:25 of 1st period - Carl Soderberg wins face-off versus Jonathan Toews in Canadiens zone.
8:04 of 1st period - Shot by Ryan Strome.
8:04 of 1st period - Shot Misses the Net.
8:11 of 1st period - Icing by Dan Girardi.
8:12 of 1st period - Jonathan Toews wins face-off versus David Krejci in Canadiens zone.
8:12 of 1st period - Jonathan Toews is hit by David Krejci.
8:32 of 1st period - Icing by David Krejci.
8:33 of 1st period - David Krejci wins face-off versus Paul Stastny in Bruins zone.
8:39 of 1st period - Minor Penalty to Jordan Eberle for Interference.
8:40 of 1st period - Paul Stastny wins face-off versus Patrice Bergeron in Canadiens zone.
8:49 of 1st period - Martin Erat is hit by Andrew Ladd and loses puck.
10:09 of 1st period - Shot by Jay Bouwmeester.
10:09 of 1st period - Stopped by Jonathan Bernier without a rebound.
10:10 of 1st period - Jonathan Toews wins face-off versus David Krejci in Canadiens zone.
10:10 of 1st period - Jonathan Toews is hit by Zach Parise.
10:26 of 1st period - Shot by Jay Bouwmeester.
10:26 of 1st period - Shot Misses the Net.
11:10 of 1st period - Shot by Dougie Hamilton.
11:10 of 1st period - Stopped by Jonathan Bernier without a rebound.
11:11 of 1st period - Manny Malhotra wins face-off versus Patrice Bergeron in Canadiens zone.
11:34 of 1st period - Shot by Torey Krug.
11:34 of 1st period - Shot Misses the Net.
11:43 of 1st period - Icing by Jay Bouwmeester.
11:44 of 1st period - Patrice Bergeron wins face-off versus Jordan Eberle in Bruins zone.
11:44 of 1st period - Patrice Bergeron is hit by Paul Stastny.
13:07 of 1st period - Shot by Jonathan Toews.
13:07 of 1st period - Stopped by Tuukka Rask without a rebound.
13:08 of 1st period - Carl Soderberg wins face-off versus Saku Koivu in Bruins zone.
13:08 of 1st period - Brad Marchand is hit by Alexander Killorn and loses puck.
13:19 of 1st period - John Carlson is hit by Radko Gudas and loses puck.
13:47 of 1st period - Shot by John Carlson.
13:47 of 1st period - Shot Blocked by Radko Gudas.
13:53 of 1st period - Shot by Ryan Strome.
13:53 of 1st period - Goal by Ryan Strome - Canadiens : 0 - Bruins : 1.
13:54 of 1st period - Patrice Bergeron wins face-off versus Paul Stastny in neutral zone.
14:01 of 1st period - Shot by Patrice Bergeron.
14:01 of 1st period - Shot Misses the Net.
14:27 of 1st period - Shot by Jordan Eberle.
14:27 of 1st period - Shot Misses the Net.
14:29 of 1st period - Shot by Jordan Eberle.
14:29 of 1st period - Shot Blocked by Jay Bouwmeester.
15:00 of 1st period - Off-side.
15:01 of 1st period - Saku Koivu wins face-off versus David Krejci in neutral zone.
15:42 of 1st period - Shot by Jakub Voracek.
15:42 of 1st period - Shot Misses the Net.
16:02 of 1st period - John Carlson is hit by Alexander Killorn and loses puck.
16:17 of 1st period - Mason Raymond is hit by Brad Marchand and loses puck.
16:36 of 1st period - Shot by Brad Marchand.
16:36 of 1st period - Shot Misses the Net.
16:57 of 1st period - Shot by Paul Stastny.
16:57 of 1st period - Stopped by Tuukka Rask without a rebound.
16:58 of 1st period - Radim Vrbata wins face-off versus Patrice Bergeron in Bruins zone.
17:25 of 1st period - Shot by Patrice Bergeron.
17:25 of 1st period - Shot Blocked by Radim Vrbata.
17:27 of 1st period - Shot by Patrice Bergeron.
17:27 of 1st period - Shot Misses the Net.
18:38 of 1st period - Icing by Cam Fowler.
18:39 of 1st period - Jonathan Toews wins face-off versus Ryan Spooner in Canadiens zone.
Goals for this period are 0 for Canadiens vs 1 for Bruins.
Shots for this period are 7 for Canadiens vs 7 for Bruins.

2nd period


0:01 of 2nd period - David Krejci wins face-off versus Paul Stastny in neutral zone.
0:40 of 2nd period - Shot by Zach Parise.
0:40 of 2nd period - Stopped by Jonathan Bernier without a rebound.
0:41 of 2nd period - Jonathan Toews wins face-off versus Patrice Bergeron in Canadiens zone.
1:19 of 2nd period - Icing by Steve Oleksy.
1:20 of 2nd period - Jonathan Toews wins face-off versus David Krejci in Canadiens zone.
1:30 of 2nd period - Minor Penalty to David Krejci for Hooking.
1:30 of 2nd period - Minor Penalty to Steve Oleksy for Hooking.
1:31 of 2nd period - Paul Stastny wins face-off versus Zach Parise in Canadiens zone.
1:48 of 2nd period - Shot by Jordan Eberle.
1:48 of 2nd period - Goal by Jordan Eberle - Canadiens : 1 - Bruins : 1.
1:49 of 2nd period - Zach Parise wins face-off versus Jonathan Toews in neutral zone.
1:57 of 2nd period - Dan Girardi is hit by Zach Parise and loses puck.
2:06 of 2nd period - Shot by Zach Parise.
2:06 of 2nd period - Stopped by Jonathan Bernier without a rebound.
2:07 of 2nd period - Paul Stastny wins face-off versus Zach Parise in Canadiens zone.
2:46 of 2nd period - Shot by Jordan Eberle.
2:46 of 2nd period - Shot Misses the Net.
2:48 of 2nd period - Shot by Dan Girardi.
2:48 of 2nd period - Shot Misses the Net.
3:12 of 2nd period - Shot by Jonathan Toews.
3:12 of 2nd period - Stopped by Tuukka Rask with a rebound.
3:36 of 2nd period - Shot by Patrice Bergeron.
3:36 of 2nd period - Stopped by Jonathan Bernier without a rebound.
3:37 of 2nd period - Patrice Bergeron wins face-off versus Manny Malhotra in Canadiens zone.
3:49 of 2nd period - Off-side.
3:50 of 2nd period - Saku Koivu wins face-off versus Carl Hagelin in neutral zone.
4:23 of 2nd period - Shot by Mason Raymond.
4:23 of 2nd period - Shot Misses the Net.
4:25 of 2nd period - Shot by Dan Girardi.
4:25 of 2nd period - Shot Misses the Net.
4:27 of 2nd period - Shot by Mason Raymond.
4:27 of 2nd period - Stopped by Tuukka Rask without a rebound.
4:28 of 2nd period - Paul Stastny wins face-off versus David Krejci in Bruins zone.
4:29 of 2nd period - Shot by Alexander Steen.
4:29 of 2nd period - Stopped by Tuukka Rask without a rebound.
4:30 of 2nd period - David Krejci wins face-off versus Paul Stastny in Bruins zone.
4:30 of 2nd period - David Krejci is hit by Alexander Steen.
4:44 of 2nd period - Icing by Paul Stastny.
4:45 of 2nd period - Alexander Steen wins face-off versus Carl Soderberg in Canadiens zone.
5:00 of 2nd period - Shot by Carl Soderberg.
5:00 of 2nd period - Shot Misses the Net.
5:02 of 2nd period - Shot by Brad Marchand.
5:02 of 2nd period - Shot Misses the Net.
5:04 of 2nd period - Shot by John Carlson.
5:04 of 2nd period - Stopped by Jonathan Bernier with a rebound.
5:06 of 2nd period - Shot by Carl Soderberg.
5:06 of 2nd period - Shot Blocked by Alexander Edler.
5:22 of 2nd period - Shot by Brad Marchand.
5:22 of 2nd period - Stopped by Jonathan Bernier with a rebound.
5:24 of 2nd period - Shot by John Carlson.
5:24 of 2nd period - Shot Blocked by Steve Oleksy.
5:26 of 2nd period - Shot by John Carlson.
5:26 of 2nd period - Shot Blocked by Jordan Eberle.
5:46 of 2nd period - Dougie Hamilton is hit by Alexander Edler and loses puck.
5:53 of 2nd period - Shot by David Krejci.
5:53 of 2nd period - Shot Misses the Net.
5:55 of 2nd period - Shot by Zach Parise.
5:55 of 2nd period - Stopped by Jonathan Bernier with a rebound.
6:10 of 2nd period - Icing by Niklas Kronwall.
6:11 of 2nd period - Jonathan Toews wins face-off versus David Krejci in Bruins zone.
6:11 of 2nd period - Jonathan Toews is hit by Niklas Kronwall.
6:52 of 2nd period - Shot by Radim Vrbata.
6:52 of 2nd period - Shot Misses the Net.
7:08 of 2nd period - Minor Penalty to Andrew Ladd for Goalie Interference.
7:09 of 2nd period - Jonathan Toews wins face-off versus Patrice Bergeron in Bruins zone.
7:22 of 2nd period - Shot by Dan Girardi.
7:22 of 2nd period - Shot Blocked by Jay Bouwmeester.
7:24 of 2nd period - Shot by Chris Kunitz.
7:24 of 2nd period - Shot Blocked by John Carlson.
7:26 of 2nd period - Shot by Dan Girardi.
7:26 of 2nd period - Shot Misses the Net.
7:28 of 2nd period - Shot by Chris Kunitz.
7:28 of 2nd period - Stopped by Tuukka Rask without a rebound.
7:29 of 2nd period - Patrice Bergeron wins face-off versus Paul Stastny in Bruins zone.
7:41 of 2nd period - Shot by Cam Fowler.
7:41 of 2nd period - Stopped by Tuukka Rask without a rebound.
7:42 of 2nd period - Patrice Bergeron wins face-off versus Paul Stastny in Bruins zone.
7:58 of 2nd period - Shot by Alexander Steen.
7:58 of 2nd period - Deflect By Paul Stastny.
7:58 of 2nd period - Shot Misses the Net.
8:02 of 2nd period - Shot by Jordan Eberle.
8:02 of 2nd period - Deflect By Alexander Steen.
8:02 of 2nd period - Shot Misses the Net.
8:04 of 2nd period - Shot by Cam Fowler.
8:04 of 2nd period - Stopped by Tuukka Rask with a rebound.
8:06 of 2nd period - Shot by Cam Fowler.
8:06 of 2nd period - Shot Misses the Net.
8:08 of 2nd period - Shot by Alexander Steen.
8:08 of 2nd period - Shot Blocked by John Carlson.
8:10 of 2nd period - Shot by Cam Fowler.
8:10 of 2nd period - Shot Blocked by Jay Bouwmeester.
8:12 of 2nd period - Shot by Cam Fowler.
8:12 of 2nd period - Shot Misses the Net.
8:30 of 2nd period - Shot by Jonathan Toews.
8:30 of 2nd period - Stopped by Tuukka Rask without a rebound.
8:31 of 2nd period - Carl Soderberg wins face-off versus Radim Vrbata in Bruins zone.
8:31 of 2nd period - Carl Soderberg is hit by Chris Kunitz.
8:43 of 2nd period - Shot by Jonathan Toews.
8:43 of 2nd period - Stopped by Tuukka Rask with a rebound.
9:05 of 2nd period - Shot by Jonathan Toews.
9:05 of 2nd period - Shot Blocked by Jay Bouwmeester.
9:23 of 2nd period - Radko Gudas is hit by David Krejci and loses puck.
9:43 of 2nd period - Shot by Zach Parise.
9:43 of 2nd period - Stopped by Jonathan Bernier without a rebound.
9:44 of 2nd period - Paul Stastny wins face-off versus Carl Soderberg in Canadiens zone.
9:44 of 2nd period - Paul Stastny is hit by Brad Marchand.
10:08 of 2nd period - Shot by Alexander Steen.
10:08 of 2nd period - Stopped by Tuukka Rask with a rebound.
10:44 of 2nd period - Dan Girardi is hit by Andrew Ladd and loses puck.
11:07 of 2nd period - Shot by Patrice Bergeron.
11:07 of 2nd period - Shot Misses the Net.
11:09 of 2nd period - Shot by Andrew Ladd.
11:09 of 2nd period - Stopped by Jonathan Bernier without a rebound.
11:10 of 2nd period - David Krejci wins face-off versus Jonathan Toews in Canadiens zone.
11:11 of 2nd period - Shot by Zach Parise.
11:11 of 2nd period - Stopped by Jonathan Bernier without a rebound.
11:12 of 2nd period - David Krejci wins face-off versus Jonathan Toews in Canadiens zone.
11:24 of 2nd period - Radim Vrbata is hit by Johnny Boychuk and loses puck.
11:51 of 2nd period - Shot by Jonathan Toews.
11:51 of 2nd period - Shot Misses the Net.
12:12 of 2nd period - Icing by Mason Raymond.
12:13 of 2nd period - Saku Koivu wins face-off versus Patrice Bergeron in Canadiens zone.
12:13 of 2nd period - Saku Koivu is hit by Andrew Ladd.
12:21 of 2nd period - Shot by Saku Koivu.
12:21 of 2nd period - Stopped by Tuukka Rask without a rebound.
12:22 of 2nd period - Patrice Bergeron wins face-off versus Manny Malhotra in Bruins zone.
12:22 of 2nd period - Patrice Bergeron is hit by Brenden Morrow.
12:28 of 2nd period - Jason Demers is hit by Andrew Ladd and loses puck.
12:35 of 2nd period - Shot by Andrew Ladd.
12:35 of 2nd period - Stopped by Jonathan Bernier with a rebound.
12:37 of 2nd period - Shot by Patrice Bergeron.
12:37 of 2nd period - Shot Misses the Net.
13:00 of 2nd period - Minor Penalty to Brenden Morrow for Interference.
13:01 of 2nd period - Jonathan Toews wins face-off versus David Krejci in Canadiens zone.
13:43 of 2nd period - Zach Parise is hit by Cam Fowler and loses puck.
13:46 of 2nd period - Shot by Zach Parise.
13:46 of 2nd period - Stopped by Jonathan Bernier without a rebound.
13:47 of 2nd period - Patrice Bergeron wins face-off versus Jonathan Toews in Canadiens zone.
13:54 of 2nd period - Shot by Jay Bouwmeester.
13:54 of 2nd period - Shot Misses the Net.
14:14 of 2nd period - Shot by Andrew Ladd.
14:14 of 2nd period - Shot Misses the Net.
15:08 of 2nd period - Icing by Zach Parise.
15:09 of 2nd period - Saku Koivu wins face-off versus David Krejci in Bruins zone.
15:16 of 2nd period - Shot by Saku Koivu.
15:16 of 2nd period - Goal by Saku Koivu - Canadiens : 2 - Bruins : 1.
15:17 of 2nd period - David Krejci wins face-off versus Jonathan Toews in neutral zone.
15:31 of 2nd period - Shot by Niklas Kronwall.
15:31 of 2nd period - Stopped by Jonathan Bernier without a rebound.
15:32 of 2nd period - Paul Stastny wins face-off versus Ryan Spooner in Canadiens zone.
16:08 of 2nd period - Shot by Alexander Steen.
16:08 of 2nd period - Shot Misses the Net.
16:10 of 2nd period - Shot by Paul Stastny.
16:10 of 2nd period - Shot Misses the Net.
16:12 of 2nd period - Shot by Cam Fowler.
16:12 of 2nd period - Shot Misses the Net.
16:42 of 2nd period - Shot by David Krejci.
16:42 of 2nd period - Stopped by Jonathan Bernier without a rebound.
16:43 of 2nd period - Patrice Bergeron wins face-off versus Radim Vrbata in Canadiens zone.
17:05 of 2nd period - Icing by Steve Oleksy.
17:06 of 2nd period - Jonathan Toews wins face-off versus David Krejci in Canadiens zone.
17:25 of 2nd period - Shot by Zach Parise.
17:25 of 2nd period - Stopped by Jonathan Bernier without a rebound.
17:26 of 2nd period - Saku Koivu wins face-off versus Patrice Bergeron in Canadiens zone.
17:30 of 2nd period - Alexander Killorn is hit by Dougie Hamilton and loses puck.
17:36 of 2nd period - Mason Raymond is hit by Dougie Hamilton and loses puck.
17:43 of 2nd period - Shot by Mason Raymond.
17:43 of 2nd period - Stopped by Tuukka Rask without a rebound.
17:44 of 2nd period - David Krejci wins face-off versus Paul Stastny in Bruins zone.
18:00 of 2nd period - Jordan Eberle is hit by Johnny Boychuk and loses puck.
18:12 of 2nd period - Paul Stastny is hit by Johnny Boychuk and loses puck.
18:20 of 2nd period - Shot by Paul Stastny.
18:20 of 2nd period - Stopped by Tuukka Rask with a rebound.
18:25 of 2nd period - Paul Stastny is hit by Johnny Boychuk.
19:01 of 2nd period - Shot by Jonathan Toews.
19:01 of 2nd period - Stopped by Tuukka Rask without a rebound.
19:02 of 2nd period - Patrice Bergeron wins face-off versus Saku Koivu in Bruins zone.
Goals for this period are 2 for Canadiens vs 0 for Bruins.
Shots for this period are 15 for Canadiens vs 14 for Bruins.

3rd period


0:01 of 3rd period - Paul Stastny wins face-off versus David Krejci in neutral zone.
0:06 of 3rd period - Minor Penalty to Niklas Kronwall for Hooking.
0:07 of 3rd period - Paul Stastny wins face-off versus Patrice Bergeron in Bruins zone.
0:52 of 3rd period - Shot by Jordan Eberle.
0:52 of 3rd period - Shot Misses the Net.
1:30 of 3rd period - Shot by Jonathan Toews.
1:30 of 3rd period - Shot Blocked by Dougie Hamilton.
2:16 of 3rd period - Shot by Radko Gudas.
2:16 of 3rd period - Stopped by Tuukka Rask without a rebound.
2:17 of 3rd period - Alexander Killorn wins face-off versus David Krejci in Bruins zone.
2:17 of 3rd period - Jason Demers is hit by Jay Bouwmeester.
2:45 of 3rd period - Minor Penalty to David Krejci for High sticking.
2:45 of 3rd period - Minor Penalty to Radko Gudas for Tripping.
2:46 of 3rd period - Zach Parise wins face-off versus Paul Stastny in Canadiens zone.
3:52 of 3rd period - Icing by Ryan Strome.
3:53 of 3rd period - Jonathan Toews wins face-off versus Carl Soderberg in Bruins zone.
4:07 of 3rd period - Shot by Alexander Steen.
4:07 of 3rd period - Deflect By Jonathan Toews.
4:07 of 3rd period - Shot Misses the Net.
4:13 of 3rd period - Shot by Jonathan Toews.
4:13 of 3rd period - Shot Misses the Net.
4:46 of 3rd period - Icing by Cam Fowler.
4:47 of 3rd period - Manny Malhotra wins face-off versus Patrice Bergeron in Canadiens zone.
4:47 of 3rd period - Martin Erat is hit by Andrew Ladd and loses puck.
5:01 of 3rd period - Minor Penalty to Radko Gudas for Hooking.
5:02 of 3rd period - David Krejci wins face-off versus Jonathan Toews in Canadiens zone.
6:22 of 3rd period - Shot by Andrew Ladd.
6:22 of 3rd period - Deflect By Patrice Bergeron.
6:22 of 3rd period - Stopped by Jonathan Bernier without a rebound.
6:23 of 3rd period - Patrice Bergeron wins face-off versus Paul Stastny in Canadiens zone.
6:30 of 3rd period - Shot by Andrew Ladd.
6:30 of 3rd period - Stopped by Jonathan Bernier without a rebound.
6:31 of 3rd period - David Krejci wins face-off versus Paul Stastny in Canadiens zone.
6:40 of 3rd period - Shot by Zach Parise.
6:40 of 3rd period - Shot Blocked by Dan Girardi.
7:19 of 3rd period - Icing by Dougie Hamilton.
7:20 of 3rd period - Ryan Spooner wins face-off versus Paul Stastny in Bruins zone.
7:54 of 3rd period - Shot by Paul Stastny.
7:54 of 3rd period - Stopped by Tuukka Rask without a rebound.
7:55 of 3rd period - Jonathan Toews wins face-off versus Carl Soderberg in Bruins zone.
8:01 of 3rd period - John Carlson is hit by Dan Girardi and loses puck.
8:32 of 3rd period - Shot by Chris Kunitz.
8:32 of 3rd period - Shot Misses the Net.
8:37 of 3rd period - Johnny Boychuk is hit by Chris Kunitz and loses puck.
8:41 of 3rd period - John Carlson is hit by Dan Girardi and loses puck.
9:11 of 3rd period - Shot by Jordan Eberle.
9:11 of 3rd period - Stopped by Tuukka Rask without a rebound.
9:12 of 3rd period - Patrice Bergeron wins face-off versus Saku Koivu in Bruins zone.
9:14 of 3rd period - Icing by Niklas Kronwall.
9:15 of 3rd period - Patrice Bergeron wins face-off versus Paul Stastny in Bruins zone.
9:15 of 3rd period - Patrice Bergeron is hit by Paul Stastny.
9:27 of 3rd period - Shot by Reilly Smith.
9:27 of 3rd period - Stopped by Jonathan Bernier without a rebound.
9:28 of 3rd period - Saku Koivu wins face-off versus David Krejci in Canadiens zone.
9:45 of 3rd period - Alexander Edler is hit by Zach Parise and loses puck.
10:06 of 3rd period - Shot by Jakub Voracek.
10:06 of 3rd period - Stopped by Jonathan Bernier without a rebound.
10:07 of 3rd period - Paul Stastny wins face-off versus Patrice Bergeron in Canadiens zone.
10:32 of 3rd period - Shot by Andrew Ladd.
10:32 of 3rd period - Shot Misses the Net.
10:39 of 3rd period - Icing by Dan Girardi.
10:40 of 3rd period - Paul Stastny wins face-off versus Ryan Strome in Canadiens zone.
11:11 of 3rd period - Ryan Strome is hit by Dan Girardi and loses puck.
11:42 of 3rd period - Shot by Johnny Boychuk.
11:42 of 3rd period - Goal by Johnny Boychuk - Canadiens : 2 - Bruins : 2.
11:43 of 3rd period - Jonathan Toews wins face-off versus Patrice Bergeron in neutral zone.
13:00 of 3rd period - Shot by Martin Erat.
13:00 of 3rd period - Stopped by Tuukka Rask without a rebound.
13:01 of 3rd period - Saku Koivu wins face-off versus Carl Soderberg in Bruins zone.
13:14 of 3rd period - Alexander Edler is hit by Torey Krug and loses puck.
13:25 of 3rd period - Shot by Saku Koivu.
13:25 of 3rd period - Stopped by Tuukka Rask without a rebound.
13:26 of 3rd period - David Krejci wins face-off versus Paul Stastny in Bruins zone.
13:28 of 3rd period - Icing by Zach Parise.
13:29 of 3rd period - Paul Stastny wins face-off versus David Krejci in Bruins zone.
13:40 of 3rd period - Shot by Paul Stastny.
13:40 of 3rd period - Deflect By Jordan Eberle.
13:40 of 3rd period - Stopped by Tuukka Rask without a rebound.
13:41 of 3rd period - Patrice Bergeron wins face-off versus Chris Kunitz in Bruins zone.
14:09 of 3rd period - Off-side.
14:10 of 3rd period - David Krejci wins face-off versus Paul Stastny in neutral zone.
14:25 of 3rd period - Shot by David Krejci.
14:25 of 3rd period - Stopped by Jonathan Bernier with a rebound.
14:35 of 3rd period - Shot by Alexander Steen.
14:35 of 3rd period - Shot Blocked by John Carlson.
14:37 of 3rd period - Shot by Alexander Steen.
14:37 of 3rd period - Shot Blocked by John Carlson.
14:39 of 3rd period - Shot by Dan Girardi.
14:39 of 3rd period - Stopped by Tuukka Rask without a rebound.
14:40 of 3rd period - Jonathan Toews wins face-off versus Patrice Bergeron in Bruins zone.
15:10 of 3rd period - Shot by Radim Vrbata.
15:10 of 3rd period - Stopped by Tuukka Rask without a rebound.
15:11 of 3rd period - David Krejci wins face-off versus Jordan Eberle in Bruins zone.
15:18 of 3rd period - Cam Fowler is hit by David Krejci and loses puck.
15:23 of 3rd period - Shot by Zach Parise.
15:23 of 3rd period - Shot Misses the Net.
15:37 of 3rd period - Shot by Jakub Voracek.
15:37 of 3rd period - Shot Misses the Net.
15:39 of 3rd period - Shot by Zach Parise.
15:39 of 3rd period - Stopped by Jonathan Bernier without a rebound.
15:40 of 3rd period - Jonathan Toews wins face-off versus Patrice Bergeron in Canadiens zone.
15:52 of 3rd period - Icing by Reilly Smith.
15:53 of 3rd period - Brenden Morrow wins face-off versus Patrice Bergeron in Bruins zone.
16:09 of 3rd period - Icing by Dougie Hamilton.
16:10 of 3rd period - Patrice Bergeron wins face-off versus Paul Stastny in Bruins zone.
16:17 of 3rd period - Shot by Andrew Ladd.
16:17 of 3rd period - Stopped by Jonathan Bernier without a rebound.
16:18 of 3rd period - David Krejci wins face-off versus Jordan Eberle in Canadiens zone.
16:18 of 3rd period - David Krejci is hit by Dan Girardi.
16:22 of 3rd period - Shot by Jakub Voracek.
16:22 of 3rd period - Shot Blocked by Cam Fowler.
16:28 of 3rd period - Shot by Dan Girardi.
16:28 of 3rd period - Shot Misses the Net.
16:56 of 3rd period - Icing by Cam Fowler.
16:57 of 3rd period - Carl Soderberg wins face-off versus Paul Stastny in Canadiens zone.
17:05 of 3rd period - Minor Penalty to Dan Girardi for High sticking.
17:06 of 3rd period - Jonathan Toews wins face-off versus Patrice Bergeron in Canadiens zone.
17:13 of 3rd period - Icing by Andrew Ladd.
17:14 of 3rd period - Patrice Bergeron wins face-off versus Jonathan Toews in Bruins zone.
17:37 of 3rd period - Shot by Torey Krug.
17:37 of 3rd period - Shot Misses the Net.
17:39 of 3rd period - Shot by Torey Krug.
17:39 of 3rd period - Shot Misses the Net.
17:41 of 3rd period - Shot by Andrew Ladd.
17:41 of 3rd period - Shot Misses the Net.
17:43 of 3rd period - Shot by John Carlson.
17:43 of 3rd period - Stopped by Jonathan Bernier without a rebound.
17:44 of 3rd period - Jonathan Toews wins face-off versus David Krejci in Canadiens zone.
18:57 of 3rd period - Shot by Patrice Bergeron.
18:57 of 3rd period - Shot Misses the Net.
18:59 of 3rd period - Shot by Carl Soderberg.
18:59 of 3rd period - Stopped by Jonathan Bernier without a rebound.
19:00 of 3rd period - Patrice Bergeron wins face-off versus Paul Stastny in Canadiens zone.
19:11 of 3rd period - Shot by Carl Hagelin.
19:11 of 3rd period - Shot Misses the Net.
19:20 of 3rd period - Mason Raymond is hit by Niklas Kronwall and loses puck.
19:37 of 3rd period - Shot by Alexander Killorn.
19:37 of 3rd period - Shot Misses the Net.
Goals for this period are 0 for Canadiens vs 1 for Bruins.
Shots for this period are 8 for Canadiens vs 10 for Bruins.

Overtime #1


0:01 of 1st overtime period - Brad Marchand wins face-off versus Jonathan Toews in neutral zone.
0:36 of 1st overtime period - Shot by Alexander Steen.
0:36 of 1st overtime period - Stopped by Tuukka Rask without a rebound.
0:37 of 1st overtime period - Paul Stastny wins face-off versus Zach Parise in Bruins zone.
0:38 of 1st overtime period - Shot by Jordan Eberle.
0:38 of 1st overtime period - Shot Hit the Post.
0:54 of 1st overtime period - Shot by Brad Marchand.
0:54 of 1st overtime period - Stopped by Jonathan Bernier without a rebound.
0:55 of 1st overtime period - Jonathan Toews wins face-off versus Zach Parise in Canadiens zone.
1:23 of 1st overtime period - Shot by Alexander Steen.
1:23 of 1st overtime period - Shot Misses the Net.
1:32 of 1st overtime period - Jonathan Toews is hit by Johnny Boychuk and loses puck.
2:41 of 1st overtime period - Icing by John Carlson.
2:42 of 1st overtime period - Jonathan Toews wins face-off versus Carl Soderberg in Bruins zone.
2:49 of 1st overtime period - Shot by Alexander Steen.
2:49 of 1st overtime period - Stopped by Tuukka Rask without a rebound.
2:50 of 1st overtime period - Jonathan Toews wins face-off versus Zach Parise in Bruins zone.
2:59 of 1st overtime period - Shot by Alexander Steen.
2:59 of 1st overtime period - Stopped by Tuukka Rask without a rebound.
3:00 of 1st overtime period - Jonathan Toews wins face-off versus Zach Parise in Bruins zone.
3:21 of 1st overtime period - Shot by Zach Parise.
3:21 of 1st overtime period - Shot Misses the Net.
3:49 of 1st overtime period - John Carlson is hit by Alexander Edler and loses puck.
4:02 of 1st overtime period - Icing by Steve Oleksy.
4:03 of 1st overtime period - Zach Parise wins face-off versus Paul Stastny in Canadiens zone.
4:03 of 1st overtime period - Jay Bouwmeester is hit by Dan Girardi and loses puck.
4:12 of 1st overtime period - Johnny Boychuk is hit by Paul Stastny and loses puck.
4:21 of 1st overtime period - Shot by Jordan Eberle.
4:21 of 1st overtime period - Stopped by Tuukka Rask without a rebound.
4:22 of 1st overtime period - Patrice Bergeron wins face-off versus Paul Stastny in Bruins zone.
4:48 of 1st overtime period - Shot by Paul Stastny.
4:48 of 1st overtime period - Stopped by Tuukka Rask with a rebound.
Goals for this period are 0 for Canadiens vs 0 for Bruins.
Shots for this period are 5 for Canadiens vs 1 for Bruins.

ShootOut


5:00 of 1st overtime period - Penalty Shot by Alexander Steen for Canadiens.
5:00 of 1st overtime period - Stopped by Tuukka Rask.
5:00 of 1st overtime period - Penalty Shot by Andrew Ladd for Bruins.
5:00 of 1st overtime period - Shot Misses the Net.
5:00 of 1st overtime period - Penalty Shot by Chris Kunitz for Canadiens.
5:00 of 1st overtime period - Stopped by Tuukka Rask.
5:00 of 1st overtime period - Penalty Shot by Zach Parise for Bruins.
5:00 of 1st overtime period - Stopped by Jonathan Bernier.
5:00 of 1st overtime period - Penalty Shot by Jordan Eberle for Canadiens.
5:00 of 1st overtime period - Stopped by Tuukka Rask.
5:00 of 1st overtime period - Penalty Shot by Patrice Bergeron for Bruins.
5:00 of 1st overtime period - Goal by Patrice Bergeron.


Output by the SimonT Hockey Simulator (STHS) for Stephane Roy -- Original Page W3C XHTML 1.0 Valid
Hockey Simulator - Hockey Simulation - Hockey Manager